 Dungeon Crawl Stone Soup version 0.17-a0-2108-g65e8068 (webtiles) character file.

49 Ishikawa the Magician (level 3, -3/26 HPs)
             Began as a Mummy Wizard on Oct 19, 2015.
             Slain by an adder (4 damage)
             ... on level 2 of the Dungeon.
             The game lasted 00:05:54 (1668 turns).

Ishikawa the Magician (Mummy Wizard)                Turns: 1668, Time: 00:05:54

Health: -3/26      AC:  2    Str: 10    XL:     3   Next: 53%
Magic:  3/7        EV: 12    Int: 18    God:
Gold:   52         SH:  0    Dex: 10    Spells: 3 memorised, 2 levels left

rFire  x . .     SeeInvis .     h - +2 hand axe (freeze)
rCold  + . .     Clarity  .     e - +0 robe
rNeg   + + +     SustAt   .     (no shield)
rPois  ∞         Gourm    .     b - +0 hat
rElec  .         Spirit   .     (no cloak)
rCorr  .         Warding  .     (no gloves)
rMut   .         Stasis   .     (no boots)
MR     .....                    (no amulet)
Stlth  ++........               (no ring)
                                (no ring)

@: not resistant to hostile enchantments, unstealthy
A: no food or potions, fire vulnerability, cold resistance 1, negative energy
resistance 3, torment resistance, unbreathing
a: no special abilities


You were on level 2 of the Dungeon.
You were not hungry.

You visited 1 branch of the dungeon, and saw 2 of its levels.

You collected 52 gold pieces.

Inventory:

Hand Weapons
 d - a +0 dagger
 h - a +2 hand axe of freezing (weapon)
Armour
 b - a +0 hat (worn)
 e - a +0 robe (worn)
Jewellery
 f - an uncursed amulet of guardian spirit
Scrolls
 a - a scroll of noise
 g - a scroll of random uselessness {unknown}
 i - a scroll of magic mapping
 j - a scroll of remove curse {unknown}
Books
 c - a book of Minor Magic

   Spells                             Type                      Level
   a - Magic Dart                     Conjuration                  1
   b - Blink                          Translocation                2
   c - Call Imp                       Summoning                    2
   d - Repel Missiles                 Charms/Air                   2
   e - Slow                           Hexes                        2
   f - Conjure Flame                  Conjuration/Fire             3
   g - Mephitic Cloud                 Conjuration/Poison/Air       3


   Skills:
 + Level 1.4 Fighting
 - Level 1.5 Dodging
 - Level 1.5 Stealth
 + Level 3.1 Spellcasting
 + Level 1.7 Conjurations
 + Level 1.5 Summonings
   Level 0.7 Translocations
 + Level 0.1 Air Magic
 + Level 0.0 Poison Magic


You had 2 spell levels left.
You knew the following spells:

 Your Spells              Type           Power        Failure   Level  Hunger
a - Magic Dart            Conj           #...         10%         1    N/A
b - Call Imp              Summ           #.......     14%         2    N/A
c - Mephitic Cloud        Conj/Pois/Air  #.......     43%         3    N/A

Dungeon Overview and Level Annotations

Branches:
Dungeon (2/15)

Altars:


Innate Abilities, Weirdness & Mutations

You do not eat or drink.
Your flesh is vulnerable to fire.
You are immune to poison.
Your flesh is cold resistant.
You are immune to negative energy.
You are immune to unholy pain and torment.
You can survive without breathing.


Message History

Your shadow imp barely misses the adder.
Casting: Call Imp
Confirm with . or Enter, or press ? or * to list all spells.
Aiming: Magic Dart
Press: ? - help, Shift-Dir - straight line, f/p - adder
Aim: an adder (heavily wounded)
The magic dart hits the adder.
The adder is severely wounded.
The adder bites you.
* * * LOW HITPOINT WARNING * * *
Your shadow imp hits the adder.
Casting: Magic Dart
Confirm with . or Enter, or press ? or * to list all spells.
Aiming: Magic Dart
Press: ? - help, Shift-Dir - straight line, f/p - adder
Aim: an adder (almost dead)
The magic dart hits the adder.
The adder is almost dead.
The adder bites you.
You die...

*****#.# ,,,,,#.#
****,#.#
,,,,,#.###########
*#####.##........#
#........>#####.#
#.###.#########.#
*,#...#.........#
*,#.###.######.@# ***
*,#..........#.S#****,*
#.#####.####.#.5......#
#............#........#
########.######......$.#*
........................*
.........######.#.####%#*
.......#............,,,#
.#..........##.....##*,**


You could see an adder and a friendly shadow imp.

Vanquished Creatures
  A worm (D:2)
  2 giant geckos
  A ball python (D:2)
  2 giant cockroaches (D:1)
  8 goblins
  3 hobgoblins
  A jackal (D:2)
  2 kobolds (D:1)
  4 bats
  A giant newt (D:1)
  A quokka (D:2)
  2 rats (D:2)
28 creatures vanquished.

Vanquished Creatures (collateral kills)
  2 adders (D:2)
  A ball python (D:2)
  2 hobgoblins (D:2)
  A jackal (D:2)
  A giant gecko (D:2)
  A quokka (D:2)
8 creatures vanquished.

Grand Total: 36 creatures vanquished

Notes
Turn   | Place    | Note
--------------------------------------------------------------
     0 | D:1      | Ishikawa the Mummy Wizard began the quest for the Orb.
     0 | D:1      | Reached XP level 1. HP: 13/13 MP: 4/4
    80 | D:1      | Reached skill level 1 in Conjurations
   196 | D:1      | Reached skill level 1 in Fighting
   196 | D:1      | Reached XP level 2. HP: 4/21 MP: 1/6
   200 | D:1      | Learned a level 2 spell: Call Imp
   639 | D:1      | Reached skill level 1 in Summonings
  1238 | D:2      | Reached XP level 3. HP: 12/26 MP: 0/7
  1243 | D:2      | Learned a level 3 spell: Mephitic Cloud
  1667 | D:2      | HP: 1/26 [adder (2)]
  1668 | D:2      | Slain by an adder

Vault maps used:
D:1:      minmay_arrival_five_plusses

Action                   || total
-------------------------++-------
Melee: Dagger            ||    37
       Hand axe          ||    41
 Cast: Magic Dart        ||    47
       Call Imp          ||    10
  Use: Scroll            ||     2
 Stab: Sleeping          ||     1
